 Dungeon Crawl Stone Soup version 0.30-a0-137-gd8773701ce (webtiles) character file.

Game seed: 10752044948591345960

19 jimonade the Vexing (level 2, -1/16 HPs)
             Began as a Deep Elf Hexslinger on Sept 21, 2022.
             Succumbed to an adder's poison
             ... on level 1 of the Dungeon.
             The game lasted 00:02:01 (1226 turns).

jimonade the Vexing (Deep Elf Hexslinger)           Turns: 1226, Time: 00:02:01

Health: -1/16      AC:  3    Str:  7    XL:     2   Next: 55%
Magic:  5/6        EV: 12    Int: 17    God:
Gold:   46         SH:  0    Dex: 15    Spells: 3/4 levels left

rFire   . . .      SeeInvis .    a - +1 sling
rCold   . . .      Faith    .    (no shield)
rNeg    . . .      Spirit   .    c - +0 robe
rPois   .          Reflect  .    (no helmet)
rElec   .          Harm     .    (no cloak)
rCorr   .          Rampage  .    j - +0 pair of gloves
Will    .....                    (no boots)
Stlth   +.........               (no amulet)
HPRegen 0.05/turn                (no ring)
MPRegen 0.10/turn                (no ring)

@: lethally poisoned (-1 -> -5)
A: no striking features
a: no special abilities


You were on level 1 of the Dungeon.
You visited 1 branch of the dungeon, and saw 2 of its levels.

You collected 46 gold pieces.

Inventory:

Hand Weapons
 a - a +1 sling (weapon)
 l - a +0 sling
Missiles
 h - 3 boomerangs
Armour
 c - a +0 robe (worn)
 g - a +0 leather armour
 j - a +0 pair of gloves (worn)
 m - a +0 ring mail
Scrolls
 b - a scroll of poison
 d - 2 scrolls of identify {unknown}
 e - 2 scrolls of summoning {unknown}
 k - a scroll of teleportation {unknown}
Potions
 f - a potion of haste {unknown}
 i - a potion of lignification {unknown}


   Skills:
 - Level 0.7 Fighting
 + Level 3.8 Ranged Weapons
 - Level 2.4 Dodging
 + Level 1.5 Spellcasting
 + Level 4.4 Hexes


You had 3 spell levels left.
You knew the following spells:

 Your Spells              Type           Power      Damage    Failure   Level
a - Slow                  Hex            64%        N/A       3%          1

Your spell library contained the following spells:

 Spells                   Type           Power      Damage    Failure   Level
 Sandblast                Erth           2%         2d4       21%         1
 Inner Flame              Hex/Fire       8%         N/A       24%         3
 Portal Projectile        Hex/Tloc       16%        N/A       24%         3
 Passwall                 Tmut/Erth      0%         N/A       30%         2
 Stone Arrow              Conj/Erth      2%         3d7       52%         3
 Cause Fear               Hex            8%         N/A       32%         4


Dungeon Overview and Level Annotations

Branches:
Dungeon (2/15)

Altars:


Message History

You are too injured to fight recklessly!
Casting: Slow (safe; 3% risk of failure)
Confirm with . or Enter, or press ? or * to list all spells.
Okay, then.
Casting: Slow (safe; 3% risk of failure)
Confirm with . or Enter, or press ? or * to list all spells.
Aiming: Slow (safe; 3% risk of failure)
Press: ? - help, Shift-Dir - straight line, f/p - adder
Aim: an adder (heavily wounded, chance to affect: 64%)
The adder seems to slow down.
You feel sick. The adder bites you.
Fire: a) +1 sling
Press: ? - help, Q - select action, (/) - cycle Shift-Dir - straight line, f/p - adder
Aim: an adder (heavily wounded, slow, 38% to hit)
You shoot a sling bullet.
The sling bullet completely misses the adder.
You feel sick. The adder misses you.
Fire: a) +1 sling
Press: ? - help, Q - select action, (/) - cycle Shift-Dir - straight line, f/p - adder
Aim: an adder (heavily wounded, slow, 38% to hit)
You shoot a sling bullet.
The sling bullet hits the adder but does no damage.
The adder is heavily wounded.
You feel sick.
You are no longer poisoned.
The adder bites you but does no damage.
Fire: a) +1 sling
Press: ? - help, Q - select action, (/) - cycle Shift-Dir - straight line, f/p - adder
Aim: an adder (heavily wounded, slow, 38% to hit)
You shoot a sling bullet.
The sling bullet closely misses the adder.
The adder bites you.
* * * LOW HITPOINT WARNING * * *
You are lethally poisoned!
The adder poisons you!
Fire: a) +1 sling
Press: ? - help, Q - select action, (/) - cycle Shift-Dir - straight line, f/p - adder
Aim: an adder (heavily wounded, slow, 38% to hit)
You shoot a sling bullet. The sling bullet hits the adder.
The adder is almost dead.
You die...

.##.............# #.#.......
.##...........##########)#.#.#.#.
.##...........# #.......)......#
.##...........# #........##.#.#.
.##.......##### #.(......##.....
.##.........######.............#.
.##.....)##......................
############.###############..##.
##..............@S......####.....
....#.####.####.####.##...##.###.
.###...##...##...##...###..#.# #.
## #.⌠.##.⌠.##.⌠.##.⌠.# ##.#.# #.
####...##...##...##...####.#.###.
..###.####.####.####.###...#..##.
⌠.###.####.####.####.###.⌠.##.##.
...........................##....
.##.........<..........##.#####..


You could see an adder (slow).

Vanquished Creatures
  A dart slug (D:1)
  A ball python (D:1)
  An endoplasm (D:1)
  2 giant cockroaches (D:1)
  3 goblins (D:1)
  2 kobolds (D:1)
  3 bats (D:1)
  3 frilled lizards (D:1)
16 creatures vanquished.

Notes
Turn   | Place    | Note
-------+----------+-------------------------------------------
     0 | D:1      | jimonade the Deep Elf Hexslinger began the quest for the
                  | Orb.
     0 | D:1      | Reached XP level 1. HP: 11/11 MP: 5/5
   177 | D:1      | Reached XP level 2. HP: 16/16 MP: 6/6
  1226 | D:1      | Succumbed to an adder's poison

Illustrated notes

Levels and vault maps discovered:
D:1:      dpeg_arrival_chambers_temple_mockup, layout_basic,
          kennysheep_nondescript, interstate_on_off, minmay_statues_item,
          grunt_decor_resistance, hangedman_decor_riveting
D:2:      layout_rooms, serial_corexii_hall, chequers_hall_statues_y,
          corexii_hall_statues_u, basic_altar, kennysheep_potato

Skill      XL: |  1 |
---------------+----+-----
Ranged Weapons | 3 |  3.8
Fighting       | |  0.7
Dodging        | |  2.4
Spellcasting   | |  1.5
Hexes          | |  4.4

Action                   || total
-------------------------++-------
 Fire: Sling             ||    47
 Cast: Slow              ||     1
Armor: Robe              ||     7
Dodge: Dodged            ||    15

Table legend: (Time is in decaauts)
 A = Elapsed time spent in this place.
 B = Non-inter-level travel time spent in this place.
 C = Inter-level travel time spent in this place.
 D = Time resting spent in this place.
 E = Time spent auto-exploring this place.
 F = Levels seen in this place.
 G = Mean time per level.
                   A        B        C        D        E       F      G
               +--------+--------+--------+--------+--------+-----+--------+
         Total |   1238 |   1182 |     56 |      0 |   1044 |   2 |  619.0 |
       Dungeon |   1238 |   1182 |     56 |      0 |   1044 |   2 |  619.0 |
               +--------+--------+--------+--------+--------+-----+--------+

Top non-repeatable levels by time:
     D:1: 1220 daAuts
     D:2: 17 daAuts
